 Dungeon Crawl Stone Soup version 0.28-a0-1234-g826d19b2e0 (webtiles) character file.

Game seed: 18181045906807767144

417 freelancePsychic the Digger (level 6, -1/43 HPs)
             Began as a Demonspawn Earth Elementalist on Dec 24, 2021.
             Succumbed to a scorpion's poison
             ... in an ossuary.
             The game lasted 00:09:19 (4201 turns).

freelancePsychic the Digger (DsEE)                  Turns: 4201, Time: 00:09:20

Health: -1/43      AC:  4    Str:  8    XL:     6   Next: 61%
Magic:  4/10       EV: 27    Int: 19    God:
Gold:   158        SH:  0    Dex: 13    Spells: 7/11 levels left

rFire   . . .      SeeInvis .   a - +1 short sword (drain)
rCold   . . .      Faith    .   (no shield)
rNeg    . . .      Spirit   .   b - +0 robe
rPois   .          Reflect  .   (no helmet)
rElec   .          Harm     .   (no cloak)
rCorr   .          Rampage  .   (no gloves)
Will    .....                   (no boots)
Stlth   ++........              g - amulet of the acrobat
HPRegen 0.14/turn               (no ring)
MPRegen 0.12/turn               (no ring)

@: lethally poisoned (-1 -> -18), acrobatic
A: thin metallic scales 1
a: no special abilities


You were in an ossuary.
You visited 1 branch of the dungeon, and saw 4 of its levels.
You also visited: Ossuary.

You collected 158 gold pieces.

Inventory:

Hand Weapons
 a - a +1 short sword of draining (weapon)
Missiles
 c - 47 stones
 d - 15 poisoned darts (quivered)
 h - 5 boomerangs
Armour
 b - a +0 robe (worn)
Jewellery
 g - an amulet of the acrobat (around neck)
Scrolls
 f - a scroll of enchant armour
 i - a scroll of fear
 j - a scroll of magic mapping
 k - a scroll of amnesia {unknown}


   Skills:
 + Level 1.3 Fighting
 - Level 1.7 Dodging
 - Level 1.7 Stealth
 - Level 3.0 Spellcasting
 + Level 4.0 Conjurations
 - Level 0.8 Transmutations
 + Level 4.8 Earth Magic


You had 7 spell levels left.
You knew the following spells:

 Your Spells              Type           Power      Damage    Failure   Level
a - Sandblast             Erth           42%        2d11      1%          1
b - Stone Arrow           Conj/Erth      38%        3d9       8%          3

Your spell library contained the following spells:

 Spells                   Type           Power      Damage    Failure   Level
 Passwall                 Tmut/Erth      10%        N/A       7%          2
 Petrify                  Tmut/Erth      13%        N/A       43%         4


Dungeon Overview and Level Annotations

Branches:
Dungeon (4/15)            Ossuary (1/1)
 Temple: D:4-7

Altars:
Wu Jian

Annotations:
D:2 Sigmund


Innate Abilities, Weirdness & Mutations

You are partially covered in thin metallic scales. (AC +2)


Message History

The scorpion closely misses you. The scorpion stings you.
The scorpion completely misses you.
Throw: 18 darts (poison)
Press: ? - help, Q - select action, (/) - cycle Shift-Dir - straight line, f/p - scorpion
Aim: a scorpion (almost dead, 56% to hit)
You throw a poisoned dart. The poisoned dart hits the scorpion.
The scorpion is almost dead.
The scorpion stings you!
* * * LOW HITPOINT WARNING * * *
The scorpion closely misses you.
Throw: 17 darts (poison)
Press: ? - help, Q - select action, (/) - cycle Shift-Dir - straight line, f/p - scorpion
Aim: a scorpion (almost dead, 56% to hit)
You throw a poisoned dart.
The poisoned dart closely misses the scorpion.
The scorpion stings you.
* * * LOW HITPOINT WARNING * * *
You are lethally poisoned!
The scorpion poisons you! The scorpion misses you.
The scorpion zombie closely misses you.
It was a potion of curing.
You feel better. The scorpion barely misses you.
The scorpion stings you but does no damage.
The scorpion zombie hits you but does no damage.
The scorpion stings you.
You are poisoned.
The scorpion poisons you!
You feel very sick. The scorpion completely misses you.
There is an open door here.
You feel sick.
Throw: 16 darts (poison)
Press: ? - help, Q - select action, (/) - cycle Shift-Dir - straight line, f/p - scorpion
Aim: a scorpion (almost dead, 56% to hit)
You throw a poisoned dart. The poisoned dart hits the scorpion.
The scorpion is almost dead.
You feel sick. The scorpion stings you.
* * * LOW HITPOINT WARNING * * *
You are more poisoned.
The scorpion poisons you!
You die...

##########+##
#...#...#!..#
#...8...#..?#
#.......#M!!#
##8...8######
#.......#...#
#..@8...'...#
#.s.#...#...# #+##
########s#######'##
.....#.....#ZZ.#...#...#
.....#(...('...#...8...#
.....8.....#...#.......#
...........######8...8##
...........#..!#.......#
#8....(8###..?#...8...#


You could see 2 scorpions, a scorpion zombie and an orc zombie.

Vanquished Creatures
  A water moccasin zombie (D:3)
  2 scorpions
  2 human zombies (Ossuary)
  A centaur skeleton (D:3)
  2 scorpion zombies (Ossuary)
  4 adders
  An adder skeleton (D:4)
  3 dart slugs (D:1)
  An orc (D:3)
  4 ball pythons
  5 endoplasms
  4 giant cockroaches
  2 goblins (D:2)
  7 hobgoblins
  3 quokkas (D:1)
  6 bats
  2 frilled lizards (D:1)
  2 goblin zombies (Ossuary)
  2 hobgoblin zombies (Ossuary)
  9 kobolds
  An orc zombie (Ossuary)
  4 rats
68 creatures vanquished.

Notes
Turn   | Place    | Note
-------+----------+-------------------------------------------
     0 | D:1      | freelancePsychic the Demonspawn Earth Elementalist began
                  | the quest for the Orb.
     0 | D:1      | Reached XP level 1. HP: 13/13 MP: 3/3
   542 | D:1      | Gained mutation: You are partially covered in thin metallic
                  | scales. (AC +2) [demonic ancestry]
   542 | D:1      | Reached XP level 2. HP: 19/19 MP: 3/5
   633 | D:1      | Found a faded altar of an unknown god.
   755 | D:1      | Reached skill level 1 in Conjurations
  1285 | D:1      | Reached XP level 3. HP: 24/24 MP: 2/6
  1684 | D:2      | Noticed Sigmund
  2414 | D:3      | Learned a level 3 spell: Stone Arrow
  2508 | D:3      | Reached XP level 4. HP: 24/30 MP: 3/8
  2666 | D:3      | Found an ornate altar of the Wu Jian Council.
  2770 | D:3      | Reached XP level 5. HP: 31/35 MP: 2/9
  3700 | D:4      | Found a sand-covered staircase.
  3708 | Ossuary  | Entered an ossuary
  3725 | Ossuary  | Reached XP level 6. HP: 41/41 MP: 2/10
  3982 | Ossuary  | Reached skill level 1 in Fighting
  4201 | Ossuary  | Succumbed to a scorpion's poison

Illustrated notes

Levels and vault maps discovered:
D:1:      dpeg_arrival_ternary, layout_loops_cross,
          ebering_ecumenical_altar_rust, grunt_decor_arrowhead
D:2:      layout_basic, serial_aquarium, aquarium_bridge_square
          [aquarium_subvault_wall, aquarium_subvault_bridge,
          aquarium_subvault_window, aquarium_subvault_bridge],
          aquarium_window_corridor_1, aquarium_window_fake, aquarium_view_2d,
          aquarium_view_2d, aquarium_balcony_double_1, uniq_sigmund
D:3:      layout_basic, nicolae_wu_jian_glorious_leap
D:4:      layout_rooms, nicolae_ossuary_entry_plus, uniq_ijyb
Ossuary:  ossuary_minmay_scorpions

Skill      XL: |  1  2  3  4  5  6 |
---------------+-------------------+-----
Conjurations   | 1 2 3 4 |  4.0
Earth Magic    | 3 4 |  4.8
Spellcasting   | 3 |  3.0
Fighting       | 1 |  1.3
Dodging        | |  1.7
Stealth        | |  1.7
Transmutations | |  0.8

Action                   |  1- 3 |  4- 6 || total
-------------------------+-------+-------++-------
Melee: Unarmed           |    14 |       ||    14
       Dagger            |       |     7 ||     7
       Short sword       |       |     5 ||     5
Throw: Dart              |       |    10 ||    10
 Cast: Sandblast         |    69 |    44 ||   113
       Stone Arrow       |       |    14 ||    14
  Use: Scroll            |     1 |     2 ||     3
       Potion            |       |     1 ||     1
Armor: Robe              |    17 |    16 ||    33
Dodge: Dodged            |    39 |    42 ||    81

Table legend: (Time is in decaauts)
 A = Elapsed time spent in this place.
 B = Non-inter-level travel time spent in this place.
 C = Inter-level travel time spent in this place.
 D = Time resting spent in this place.
 E = Time spent auto-exploring this place.
 F = Levels seen in this place.
 G = Mean time per level.
                   A        B        C        D        E       F      G
               +--------+--------+--------+--------+--------+-----+--------+
         Total |   4202 |   4049 |    153 |    264 |   3228 |   5 |  840.4 |
       Dungeon |   3709 |   3556 |    153 |     81 |   3020 |   4 |  927.2 |
       Ossuary |    492 |    492 |      0 |    183 |    208 |   1 |  492.0 |
               +--------+--------+--------+--------+--------+-----+--------+

Top non-repeatable levels by time:
     D:1: 1609 daAuts
     D:3: 1136 daAuts
     D:2: 752 daAuts
 Ossuary: 492 daAuts
     D:4: 211 daAuts
